 Dungeon Crawl Stone Soup version 0.29.0-4-gdea44cf6ec (webtiles) character file.

Game seed: 16417799081832647389

349 qw the Chopper (level 6, -1/37 HPs)
             Began as a Gargoyle Fighter on Sept 8, 2022.
             Slain by Prince Ribbit (11 damage)
             ... on level 5 of the Dungeon.
             The game lasted 00:01:44 (4554 turns).

qw the Chopper (Gargoyle Fighter)                   Turns: 4554, Time: 00:01:44

Health: -1/37      AC: 15    Str: 21    XL:     6   Next: 60%
Magic:  6/6        EV:  6    Int:  9    God:
Gold:   173        SH:  0    Dex:  9    Spells: 5/5 levels left

rFire   . . .      SeeInvis .   Y - +2 war axe (venom)
rCold   . . .      Faith    .   i - +0 kite shield
rNeg    + . .      Spirit   .   l - +0 chain mail
rPois   inf        Reflect  .   g - +1 helmet
rElec   +          Harm     .   (no cloak)
rCorr   .          Rampage  .   (no gloves)
Will    .....                   (no boots)
Stlth   ..........              (no amulet)
HPRegen 0.12/turn               (no ring)
MPRegen 0.10/turn               (no ring)

@: confused
A: sickness immunity, AC +4, negative energy resistance 1, electricity
resistance, torment resistance 1, petrification resistance
a: no special abilities


You were on level 5 of the Dungeon.
You visited 1 branch of the dungeon, and saw 5 of its levels.

You collected 173 gold pieces.


Innate Abilities, Weirdness & Mutations

You are immune to sickness and miasma.
Your stone body is resilient. (AC +4)
You are immune to poison.
You resist negative energy. (rN+)
You are resistant to electric shocks. (rElec)
You are resistant to unholy torment.
You are immune to petrification.


   Skills:
 + Level 3.6 Fighting
 - Level 5.1 Axes
 - Level 3.2 Armour
 - Level 5.0 Shields


You had 5 spell levels left.
You didn't know any spells.
Your spell library was empty.

Inventory:

Hand Weapons
 n - a +0 morningstar
 Y - a +2 war axe of venom (weapon)
Armour
 g - a +1 helmet (worn)
 i - a +0 kite shield (worn)
 l - a +0 chain mail (worn)
Scrolls
 o - a scroll of identify
 p - 2 scrolls of teleportation
Potions
 c - a potion of resistance
 d - a potion of might
 e - a potion of mutation
 j - a potion of heal wounds
 k - a potion of magic {unknown}
 m - a potion of curing {unknown}
 q - a potion of lignification {unknown}

Dungeon Overview and Level Annotations

Branches:
Dungeon (5/15)             Temple (0/1) D:5

Altars:
Zin

Annotations:
D:2 1 runed translucent door, Crazy Yiuf
D:5 Prince Ribbit


Message History

The iguana bites you but does no damage.
Something hits you but does no damage.
Your Axes skill increases to level 5!
You barely miss the iguana. You closely miss something. x2
You barely miss the orc.
The iguana bites you but does no damage.
Something hits you. The orc closely misses you.
Something hits you but does no damage.
Prince Ribbit hits you but does no damage.
You slash Prince Ribbit!
Prince Ribbit is poisoned.
Prince Ribbit is heavily wounded.
You closely miss the iguana. You slash something! You slash the orc!
You kill the orc!
You hit something but do no damage.
Prince Ribbit hits you but does no damage.
The iguana bites you!
Something hits you but does no damage. x2
You block Prince Ribbit's attack.
You hear some strange, mumbled words.
You are confused.
Something hits you.
The iguana bites you but does no damage.
Prince Ribbit hits you but does no damage.
You're too confused to move!
Reactivating autopickup.
You feel a bit more experienced.
Prince Ribbit hits you but does no damage.
Prince Ribbit hits you!
The iguana bites you but does no damage.
Something hits you but does no damage.
Deactivating autopickup; reactivate with Ctrl-A.
You miss Prince Ribbit.
Prince Ribbit is heavily wounded.
You hit the iguana but do no damage.
The iguana is poisoned.
You closely miss something. Prince Ribbit closely misses you.
The iguana bites you but does no damage.
Something hits you.
You're too confused to move!
Prince Ribbit hits you!
You die...

####### ## #.....#
...#####.....########
)?..................#
(.8.8.8)l@..........######
...}.}..{F................
..8.>.8|...........!......
...}.}..##................
..8.8.8....#..............
...........#..............
#.....?.#.#####.#.#...%...
.......... #.#.#####.##
......##... #.#.#####.#


You could see Prince Ribbit (very poisoned) and an iguana (very poisoned).

Vanquished Creatures
  An orc priest (D:5)
  A jelly (D:4)
  Jessica (D:3)
  An iguana (D:4)
  An orc wizard (D:5)
  Robin (D:2)
  4 gnolls (D:3)
  8 adders
  A worm (D:2)
  A dart slug (D:1)
  6 orcs
  3 ball pythons
  5 endoplasms
  2 giant cockroaches
  7 goblins
  12 hobgoblins
  4 jackals (D:1)
  7 kobolds
  5 quokkas
  6 bats
  3 frilled lizards
  6 rats
86 creatures vanquished.

Vanquished Creatures (others)
  4 plants (D:3)
4 creatures vanquished.

Grand Total: 90 creatures vanquished

Notes
Turn   | Place    | Note
-------+----------+-------------------------------------------
     0 | D:1      | qw the Gargoyle Fighter began the quest for the Orb.
     0 | D:1      | Reached XP level 1. HP: 14/14 MP: 1/1
     0 | D:1      | 0 ||| qw: Version: 0.1-a-111-g1c1fd2e
     0 | D:1      | 0 ||| qw: Game counter: 6630
     0 | D:1      | 0 ||| qw: Always use a shield: true
     0 | D:1      | 0 ||| qw: God list: Okawaru
     0 | D:1      | 0 ||| qw: Allow faded altars: false
     0 | D:1      | 0 ||| qw: Do Orc after D:15 true
     0 | D:1      | 0 ||| qw: Do second Lair branch before Depths: true
     0 | D:1      | 0 ||| qw: Lair rune preference: random
     0 | D:1      | 0 ||| qw: Plans: Normal, Zot, God:TSO, Crypt, Tomb, Zig,
                  | Orb
     0 | D:1      | 0 ||| PLANNING D:1-11
    10 | D:1      | 10 ||| Stepping ~*~*~tactically~*~*~ (stealth).
   294 | D:1      | Reached XP level 2. HP: 19/19 MP: 2/2
   303 | D:1      | 303 ||| Stepping ~*~*~tactically~*~*~ (stealth).
   332 | D:1      | 332 ||| Stepping ~*~*~tactically~*~*~ (stealth).
   333 | D:1      | 333 ||| Stepping ~*~*~tactically~*~*~ (stealth).
   338 | D:1      | 338 ||| Stepping ~*~*~tactically~*~*~ (stealth).
   533 | D:1      | Reached skill level 3 in Axes
   572 | D:1      | Reached XP level 3. HP: 22/23 MP: 3/3
   923 | D:1      | Found a faded altar of an unknown god.
  1036 | D:1      | 1036 ||| UPGRADING to +0 kite shield.
  1046 | D:1      | 1046 ||| DROPPING +0 buckler.
  1047 | D:1      | 1047 ||| READING scroll labelled GEFIAK MACOQ.
  1048 | D:1      | 1048 ||| READING scroll labelled RUDDOMNUJOC.
  1049 | D:1      | 1049 ||| READING scroll labelled LUEFUP CESU.
  1050 | D:1      | 1050 ||| READING scroll labelled IVATUNT OTYORR.
  1051 | D:1      | 1051 ||| READING 2 scrolls labelled COUJYHUKIC.
  1052 | D:1      | 1052 ||| DRINKING 2 amethyst potions.
  1053 | D:1      | 1053 ||| DROPPING potion of degeneration.
  1114 | D:2      | 1114 ||| DROPPING +0 whip.
  1307 | D:2      | Noticed Robin
  1308 | D:2      | 1308 ||| Stepping ~*~*~tactically~*~*~ (hiding).
  1326 | D:2      | Killed Robin
  1572 | D:2      | Reached XP level 4. HP: 27/28 MP: 4/4
  1834 | D:2      | 1834 ||| Stepping ~*~*~tactically~*~*~ (stealth).
  1842 | D:2      | 1842 ||| Stepping ~*~*~tactically~*~*~ (stealth).
  2048 | D:2      | Found a runed translucent door.
  2049 | D:2      | Noticed Crazy Yiuf
  2398 | D:2      | 2398 ||| UPGRADING to +0 helmet.
  2403 | D:2      | 2403 ||| READING scroll of enchant armour.
  2403 | D:2      | 2403 ||| ENCHANTING +0 helmet.
  2404 | D:2      | 2404 ||| READING scroll labelled GISIUGY GUBYRCH.
  2505 | D:2      | 2505 ||| READING scroll labelled PICAUSYAKO.
  2542 | D:3      | 2542 ||| READING scroll of brand weapon.
  2542 | D:3      | 2542 ||| BRANDING +1 war axe of freezing.
  2641 | D:3      | Noticed Jessica
  2642 | D:3      | 2642 ||| Stepping ~*~*~tactically~*~*~ (hiding).
  2646 | D:3      | Killed Jessica
  2647 | D:3      | Reached XP level 5. HP: 30/32 MP: 5/5
  2705 | D:3      | Found a glowing silver altar of Zin.
  2757 | D:3      | 2757 ||| FLEEEEING.
  2758 | D:3      | 2758 ||| FLEEEEING.
  2759 | D:3      | 2759 ||| FLEEEEING.
  2760 | D:3      | 2760 ||| FLEEEEING.
  2761 | D:3      | 2761 ||| FLEEEEING.
  2762 | D:3      | 2762 ||| FLEEEEING.
  2763 | D:3      | 2763 ||| FLEEEEING.
  2764 | D:3      | 2764 ||| FLEEEEING.
  2765 | D:3      | 2765 ||| FLEEEEING.
  2766 | D:3      | 2766 ||| FLEEEEING.
  2767 | D:3      | 2767 ||| FLEEEEING.
  2768 | D:3      | 2768 ||| FLEEEEING.
  2769 | D:3      | 2769 ||| FLEEEEING.
  2770 | D:3      | 2770 ||| FLEEEEING.
  2771 | D:3      | 2771 ||| FLEEEEING.
  2772 | D:3      | 2772 ||| STAIRDANCE
  2927 | D:2      | 2927 ||| UPGRADING to +0 chain mail.
  2937 | D:2      | 2937 ||| DROPPING +0 scale mail.
  2938 | D:2      | 2938 ||| READING scroll labelled SITA GYSTROIXIO.
  2982 | D:2      | 2982 ||| READING scroll labelled COQIAXT TAFE.
  2983 | D:2      | 2983 ||| DRINKING 2 viscous emerald potions.
  3072 | D:3      | 3072 ||| Stepping ~*~*~tactically~*~*~ (stealth).
  3105 | D:3      | 3105 ||| Stepping ~*~*~tactically~*~*~ (stealth).
  3336 | D:3      | 3336 ||| Stepping ~*~*~tactically~*~*~ (stealth).
  3744 | D:4      | 3744 ||| READING scroll of enchant weapon.
  3744 | D:4      | 3744 ||| ENCHANTING +1 war axe of venom.
  3749 | D:4      | 3749 ||| DROPPING +0 flail.
  3984 | D:4      | Reached XP level 6. HP: 34/37 MP: 6/6
  4108 | D:4      | 4108 ||| Stepping ~*~*~tactically~*~*~ (stealth).
  4337 | D:4      | 4337 ||| DROPPING +4 scale mail.
  4338 | D:4      | 4338 ||| READING scroll labelled VAERAP VAHIQ.
  4339 | D:4      | 4339 ||| DRINKING 2 fizzy golden potions.
  4440 | D:4      | 4440 ||| DRINKING 2 viscous black potions.
  4441 | D:4      | 4441 ||| READING 3 scrolls of identify.
  4441 | D:4      | 4441 ||| IDENTIFYING metallic dark potion
  4442 | D:4      | 4442 ||| READING 2 scrolls of identify.
  4442 | D:4      | 4442 ||| IDENTIFYING glowing red potion
  4443 | D:4      | 4443 ||| DROPPING potion of ambrosia.
  4444 | D:4      | 4444 ||| DROPPING potion of brilliance.
  4458 | D:5      | Entered Level 5 of the Dungeon
  4505 | D:5      | Identified the +1 robe of Paugru {Int+3}
  4531 | D:5      | Found a staircase to the Ecumenical Temple.
  4532 | D:5      | 4532 ||| PLANNING TEMPLE
  4534 | D:5      | Noticed Prince Ribbit
  4554 | D:5      | Slain by Prince Ribbit

Levels and vault maps discovered:
D:1:      mushboom_english_gardens, layout_basic,
          shapermc_ecumenical_altar_ellora
D:2:      layout_basic, chequers_serial_rivers_room_a, uniq_robin,
          uniq_crazy_yiuf_cottage
D:3:      layout_rooms, mainiacjoe_overflow_concentric_impassable,
          serial_forest, infiniplex_forest_straight_5, infiniplex_forest_split,
          infiniplex_forest_split, infiniplex_forest_lined_room_2,
          infiniplex_forest_lined_room_2, uniq_jessica
D:4:      layout_gridville
D:5:      layout_rooms, nicolae_overflow_hidden_temple,
          minmay_temple_entry_statues_fountains, uniq_prince_ribbit1

Skill      XL: |  1  2  3  4  5  6 |
---------------+-------------------+-----
Axes           | 2 3 4 5 |  5.1
Shields        | 4 5 |  5.0
Fighting       | |  3.6
Armour         | |  3.2

Action                   |  1- 3 |  4- 6 || total
-------------------------+-------+-------++-------
Melee: War axe           |    91 |   109 ||   200
  Use: Scroll            |     5 |    10 ||    15
       Potion            |     1 |     3 ||     4
Armor: Scale mail        |    52 |    33 ||    85
       Chain mail        |       |    42 ||    42
Dodge: Dodged            |    43 |    29 ||    72
Block: Buckler           |    13 |       ||    13
       Kite shield       |    13 |    55 ||    68

Table legend:
 A = Non-vault XP
 B = Vault XP
 C = Vault XP percentage of total XP
 D = Non-vault monster count
 E = Vault monster count
 F = Vault count percentage of total count
                 A         B        C        D         E       F
            +---------+---------+-------+---------+---------+-------
      Total |     427 |      72 |  14.4 |      74 |      12 |  14.0
            +---------+---------+-------+---------+---------+-------
        D:1 |      38 |       0 |   0.0 |      23 |       0 |   0.0
        D:2 |      44 |      35 |  44.3 |      17 |      11 |  39.3
        D:3 |     138 |      37 |  21.1 |      22 |       1 |   4.3
        D:4 |     110 |       0 |   0.0 |       7 |       0 |   0.0
        D:5 |      97 |       0 |   0.0 |       5 |       0 |   0.0
            +---------+---------+-------+---------+---------+-------
